 Dungeon Crawl Stone Soup version 0.27-a0-1332-g84bddb5ca7 (webtiles) character file.

Game seed: 3550780233136436080

67 Brandom the Sneak (level 3, -18/31 HPs)
             Began as a Demigod Delver on June 26, 2021.
             Demolished by an orc (20 damage)
             ... on level 3 of the Dungeon.
             The game lasted 00:05:36 (2426 turns).

Brandom the Sneak (Demigod Delver)                  Turns: 2426, Time: 00:05:37

Health: -18/31     AC:  3    Str: 17    XL:     3   Next: 72%
Magic:  5/5        EV: 12    Int: 12    God:
Gold:   190        SH:  0    Dex: 15    Spells: 2/2 levels left

rFire    . . .     SeeInvis .   a - +0 falchion
rCold    . . .     Faith    .   (no shield)
rNeg     . . .     Spirit   .   b - +0 leather armour
rPois    .         Reflect  .   (no helmet)
rElec    .         Harm     .   (no cloak)
rCorr    .         Rampage  .   (no gloves)
Will     .....                  (no boots)
Stlth    +++.......             (no amulet)
HPRegen  0.10/turn              h - ring of flight
MPRegen  0.09/turn              (no ring)

@: flying
A: high mp 1, forlorn
a: no special abilities


You were on level 3 of the Dungeon.
You visited 1 branch of the dungeon, and saw 5 of its levels.

You collected 190 gold pieces.

Inventory:

Hand Weapons
 a - a +0 falchion (weapon)
Missiles
 o - 8 poisoned darts (quivered)
Armour
 b - a +0 leather armour (worn)
 g - a +0 plate armour
   (You found it on level 3 of the Dungeon)
Jewellery
 h - a ring of flight (left hand)
   (You found it on level 2 of the Dungeon)
Wands
 u - a wand of paralysis (15)
   (You found it on level 3 of the Dungeon)
 v - a wand of digging (3)
Scrolls
 c - a scroll of fog
 d - 2 scrolls of magic mapping
 e - a scroll of fear
 i - 2 scrolls of teleportation {unknown}
 k - 4 scrolls of identify {unknown}
 r - a scroll of holy word {unknown}
Potions
 f - 5 potions of haste {@q3}
 j - a potion of heal wounds {unknown}
 l - a potion of attraction {unknown}
 m - a potion of curing {unknown}
 n - a potion of degeneration {unknown}
 p - a potion of resistance {unknown}
 q - a potion of berserk rage {unknown}


   Skills:
 * Level 3.3 Fighting
 * Level 2.6 Long Blades
 + Level 1.1 Armour
 + Level 2.2 Dodging
 - Level 4.5 Stealth


You had 2 spell levels left.
You didn't know any spells.
Your spell library contained the following spells:

 Spells                   Type           Power      Damage    Failure   Level
 Animate Skeleton         Necr           0%         N/A       36%         1
 Pain                     Necr           0%         1d4       36%         1
 Vampiric Draining        Necr           0%         2d6       75%         3
 Animate Dead             Necr           0%         N/A       98%         4
 Agony                    Necr           0%         N/A       100%        5


Dungeon Overview and Level Annotations

Branches:
Dungeon (5/15)             Temple (0/1) D:5

Annotations:
D:5 2 transporters


Innate Abilities, Weirdness & Mutations

Your attributes grow dramatically as you level up.
You have an increased reservoir of magic. (+10% MP)
You shall have no god before yourself.


Message History

Things that are here:
a +0 short sword; a kobold corpse
There is a burning altar of Makhleb here.
You reach down and open the door.
There is an open door here.
A hobgoblin comes into view.
Found a bloodstained altar of Trog.
The helpless hobgoblin fails to defend itself.
You hit the hobgoblin.
The hobgoblin hits you but does no damage.
The hobgoblin closely misses you.
You hit the hobgoblin. The hobgoblin hits you.
You hit the hobgoblin.
You kill the hobgoblin!
Found an iron altar of Okawaru.
Found a glowing silver altar of Zin.
There is an open door here.
A kobold is nearby!
The helpless kobold fails to defend itself.
You slash the kobold!
You kill the kobold!
No target in view!
No target in view! 2 orcs come into view.
An orc is wielding a +4 hand axe of electrocution.
The orc shouts!
The orc moves out of view.
An orc comes into view. It is wielding a +0 mace of holy wrath.
The orc shouts!
You hear a shout!
The orc hits you with a +4 hand axe of electrocution.
You hit the orc.
The orc hits you with a +4 hand axe of electrocution.
You are electrocuted!
* * * LOW HITPOINT WARNING * * *
You are too injured to fight recklessly!
Unknown command.
You are too injured to fight recklessly!
Unknown command.
Unknown command.
You are too injured to fight recklessly!
Unknown command.
You are too injured to fight recklessly!
Unknown command.
You are too injured to fight recklessly!
You hit the orc but do no damage.
The orc hits you with a +4 hand axe of electrocution!
* * * LOW HITPOINT WARNING * * *
You are electrocuted!!
Ouch! That really hurt!
You die...

#.#
#.....###.
....#. #.#
#...).# ##
##.##.# #.##
#.....# ..
#..# #######
####.####
#.......#
#.##.##.# # #
#.##.###.####
#.....@oo...#
####.###o##.#
#.# # ..#
####


You could see 3 orcs.

Vanquished Creatures
  An adder (D:2)
  2 dart slugs
  An orc (D:2)
  3 bats (D:1)
  3 endoplasms (D:1)
  3 giant cockroaches
  8 hobgoblins
  4 quokkas
  10 ball pythons
  A frilled lizard (D:3)
  4 goblins
  4 kobolds
  6 rats
50 creatures vanquished.

Notes
Turn   | Place    | Note
-------+----------+-------------------------------------------
     0 | D:5      | Brandom the Demigod Delver began the quest for the Orb.
     0 | D:5      | Reached XP level 1. HP: 18/18 MP: 3/3
    20 | D:5      | Found a staircase to the Ecumenical Temple.
    60 | D:5      | Noticed a crimson imp
    76 | D:5      | Found a transporter.
    82 | D:5      | Noticed a small abomination
   102 | D:5      | Found a transporter.
   104 | D:5      | Noticed a small abomination
   165 | D:4      | Noticed an orc priest
   396 | D:2      | Reached XP level 2. HP: 12/25 MP: 4/4
  1195 | D:1      | Reached XP level 3. HP: 31/31 MP: 5/5
  1901 | D:2      | Reached skill level 1 in Armour
  2426 | D:3      | Demolished by an orc

Illustrated notes

Levels and vault maps discovered:
D:1:      scummos_arrival_gate, layout_basic,
          shapermc_ecumenical_altar_starsandcircs, minmay_pentomino_x4
D:2:      layout_rooms, chequers_serial_rivers_large_a
D:3:      layout_loops_cross, fedhas_ov_isle_minmay, marbit_many_paths,
          minmay_overflow_temple_star_quad
D:4:      layout_rooms, serial_shops, shop
D:5:      layout_loops_ring, minmay_temple_entry_hall,
          gammafunk_ghost_abyssal_escape

Skill      XL: |  1  2  3 |
---------------+----------+-----
Long Blades    | 2 |  2.6
Fighting       | 3 |  3.3
Dodging        | 2 |  2.2
Armour         | 1 |  1.1
Stealth        | |  4.5

Action                   || total
-------------------------++-------
Melee: Falchion          ||   141
 Stab: Sleeping          ||    12
       Distracted        ||     1
Armor: Leather armour    ||    38
Dodge: Dodged            ||   109
       Rpst.: Falchion   ||    29

Table legend: (Time is in decaauts)
 A = Elapsed time spent in this place.
 B = Non-inter-level travel time spent in this place.
 C = Inter-level travel time spent in this place.
 D = Time resting spent in this place.
 E = Time spent auto-exploring this place.
 F = Levels seen in this place.
 G = Mean time per level.
                   A        B        C        D        E       F      G
               +--------+--------+--------+--------+--------+-----+--------+
         Total |   2457 |   2421 |     36 |      0 |   1961 |   5 |  491.4 |
       Dungeon |   2457 |   2421 |     36 |      0 |   1961 |   5 |  491.4 |
               +--------+--------+--------+--------+--------+-----+--------+

Top non-repeatable levels by time:
     D:1: 997 daAuts
     D:2: 877 daAuts
     D:3: 414 daAuts
     D:5: 164 daAuts
     D:4: 3 daAuts
